 Dungeon Crawl Stone Soup version 0.21-a0-498-g1b60429 (webtiles) character file.

13230 4thArraOfDagon the Martial Artist (level 11, 4/136 (138) HPs)
             Began as a Demigod Gladiator on Nov 24, 2017.
             Quit the game on level 13 of the Dungeon.
             The game lasted 00:39:15 (7126 turns).

4thArraOfDagon the Martial Artist (DgGl)            Turns: 7126, Time: 00:39:16

HP:   4/136 (138)   AC:  5    Str: 22    XL:     11   Next: 45%
MP:   17/17         EV: 13    Int: 18    God:
Gold: 185           SH:  0    Dex: 19    Spells: 14/14 levels left

rFire    + . .     SeeInvis .     - Unarmed
rCold    . . .     Gourm    .   (no shield)
rNeg     . . .     Faith    .   T - +1 troll leather armour
rPois    .         Spirit   .   (helmet restricted)
rElec    .         Reflect  .   (no cloak)
rCorr    +         Harm     .   (no gloves)
MR       +....                  (no boots)
Stlth    ..........             n - amulet of rage
HPRegen  0.00/turn              K - ring of resist corrosion
MPRegen  0.15/turn              N - ring of protection from fire

@: berserking (expiring), lethally poisoned (4 -> -137), non-regenerating,
diseased, slowed
A: antennae 1, thin skeletal structure 1, high mp 1, sense surroundings 1,
evolution 1
a: Evoke Berserk Rage


You were on level 13 of the Dungeon.
You were very hungry.

You visited 1 branch of the dungeon, and saw 13 of its levels.
You also visited: Labyrinth and Sewer.

You collected 545 gold pieces.
You spent 360 gold pieces at shops.

Inventory:

Hand Weapons
 H - the +3 dagger of the Briny Deep {antimagic, Str+5, unknown}
   (You found it on level 6 of the Dungeon)

   It reduces the magical energy of the wielder, and disrupts the spells and
   magical abilities of those hit.
   Natural abilities and divine invocations are not affected.
   It affects your strength (+5).
Missiles
 c - 2 throwing nets (quivered)
Armour
 a - a +0 leather armour
 b - a +0 helmet
 e - a +0 ring mail
 j - a +0 helmet
 F - a +1 robe
 T - a +1 troll leather armour (worn)
 U - the +2 buckler of Subjectivity {rPois rF- Int-2 Dex+8}
   (You acquired it on level 13 of the Dungeon)

   It affects your intelligence (-2).
   It affects your dexterity (+8).
   It makes you vulnerable to fire.
   It protects you from poison.
 W - the +1 leather armour "Wohied" {rElec rN+ Str-2 Stlth+}
   (You found it on level 13 of the Dungeon)

   It affects your strength (-2).
   It insulates you from electricity.
   It protects you from negative energy.
   It makes you more stealthy.
Magical Staves
 A - an uncursed staff of energy {!a}
Jewellery
 n - an amulet of rage (around neck)
 r - an uncursed ring of wizardry
 u - an uncursed amulet of guardian spirit
 z - an uncursed amulet of magic regeneration
 J - an uncursed amulet of regeneration
 K - a ring of resist corrosion (left hand)
 N - a ring of protection from fire (right hand)
 P - an uncursed ring of positive energy
Wands
 y - a wand of paralysis (33)
 I - a wand of acid (20)
 L - a wand of digging (29)
 O - a wand of disintegration (14)
 R - a wand of clouds (6)
Scrolls
 f - 2 scrolls of random uselessness
 k - 2 scrolls of blinking
 p - 7 scrolls of remove curse
 s - 2 scrolls of fear
 t - 6 scrolls of amnesia
 w - 2 scrolls of fog {unknown}
 x - a scroll of enchant weapon
 G - 3 scrolls of immolation
 M - a scroll of silence
Potions
 g - a potion of cancellation
 h - 5 potions of brilliance
 i - 2 potions of resistance
 l - a potion of invisibility
 m - 3 potions of flight
 q - 6 potions of curing
 D - 5 potions of heal wounds
 E - a potion of haste
 Q - a potion of might
 V - a potion of agility
Books
 v - a book of Annihilations

   Spells                             Type                      Level
   a - Poison Arrow                   Conjuration/Poison           6
   b - Chain Lightning                Conjuration/Air              8
   c - Lehudib's Crystal Spear        Conjuration/Earth            8
   d - Glaciate                       Conjuration/Ice              9
   e - Fire Storm                     Conjuration/Fire             9
Miscellaneous
 B - a phantom mirror
 S - a sack of spiders
Comestibles
 d - 5 bread rations
 o - 6 meat rations
 C - 4 chunks of flesh


   Skills:
 - Level 7.0 Fighting
 - Level 1.7 Throwing
 - Level 3.1 Dodging
 * Level 14.7 Unarmed Combat
 + Level 2.1 Spellcasting
 - Level 4.1 Evocations


You had 14 spell levels left.
You didn't know any spells.

Dungeon Overview and Level Annotations

Branches:
Dungeon (13/15)            Temple (0/1) D:6
   Lair: D:8-11         Orc: D:9-12      Vaults: D:13-14

Shops:
D:6 (   D:9 %   D:10 }

Annotations:
D:8 Ajdolov's ghost, novice TrHu
D:12 Kirke


Innate Abilities, Weirdness & Mutations

You have an increased reservoir of magic. (+10% MP)
You have a pair of small antennae on your head.
You have a somewhat thin skeletal structure. (Dex +2, Stealth)
You passively map a small area around you.
You evolve.


Message History

* * * LOW HITPOINT WARNING * * *
x2 You feel very sick.
The death drake bites you!
* * * LOW HITPOINT WARNING * * *
Unknown command.
You punch the death drake!
The death drake is heavily wounded.
You are engulfed in dark miasma.
You are more poisoned.
* * * LOW HITPOINT WARNING * * *
x2 You feel extremely sick.
An orc wizard comes into view. It is wielding a dagger of draining.
Unknown command.
Press: ? - help, v - describe, . - travel, g - get item An ugly thing corpse.
The floor, spattered with blood.
There is a cloud of foul pestilence here.
Unknown command.
Unknown command.
Are you sure you want to abandon this character and quit the game? (Confirm with "yes".)

##*#..# *,....8..,#.....#.#,,***,
# *,,***...8...8###.....##,,,,,,
# *,,,#..........#.....#.#,***,,
# **,....o.......#.....###,* ***
## *............#.#.....#*,* *
.####....o....o...........+,*
...#..##......o§.#.#.....##**
.....#***#....§k§§#.....##*
....## #.....§@§#.....#,* #..##
#..8..§8###.....#* ...##
#....8§..#,....#.* ....#
#........#,.....#** ....#
#........#,,.....,***** #...#
#.......#.#,.....,,,,,**
##..######......#.#.#,,,,,,*,,,,,
#...##........#.#.#.#,,,,,**,,,,
##............#.##.##[*,,,,**,,,,


You could see a death drake shaped shifter, 3 orc wizards and an orc.

Vanquished Creatures
  A minotaur (Lab)
  2 two-headed ogres
  Pikel (D:6)
  A deep elf mage (D:8)
  A cyclops (D:11)
  2 ugly things (D:13)
  Joseph (D:8)
  A gargoyle (D:10)
  A kobold demonologist (D:13)
  4 trolls
  2 slime creatures (D:11)
  A hornet (D:11)
  A shadow (D:11)
  2 basilisks (D:10)
  7 yaks (D:11)
  2 hungry ghosts (D:11)
  2 water moccasins
  2 orc warriors
  A phantom (D:7)
  3 sky beasts
  A slave (D:6)
  9 ogres
  2 ice beasts
  A boggart (D:11)
  3 centaurs
  2 crocodiles
  8 bullfrogs
  A scorpion (D:7)
  5 wights (D:12)
  6 howler monkeys
  3 crimson imps
  2 bullfrog zombies
  A quasit (D:11)
  2 centaur zombies
  7 hounds
  4 orc priests
  3 centaur skeletons
  2 bullfrog skeletons (D:6)
  6 jellies
  9 orc wizards
  Jessica (D:2)
  Natasha (D:2)
  4 iguanas
  6 worker ants
  A hound zombie (D:5)
  A hound skeleton (D:4)
  3 worker ant zombies
  Robin (D:2)
  A howler monkey skeleton (D:6)
  10 adders
  2 shadow imps
  An adder zombie (D:6)
  A worm (D:5)
  2 dart slugs
  5 leopard geckos
  36 orcs
  2 bats
  3 giant cockroaches
  8 goblins
  9 hobgoblins
  10 jackals
  6 kobolds
  7 quokkas
  2 frilled lizards (D:3)
  2 jackal skeletons
  A leopard gecko skeleton (D:4)
  5 rats
246 creatures vanquished.

Notes
Turn   | Place    | Note
-------+----------+-------------------------------------------
     0 | D:1      | 4thArraOfDagon the Demigod Gladiator began the quest for the Orb.
     0 | D:1      | Reached XP level 1. HP: 17/17 MP: 3/3
   117 | D:1      | Reached skill level 3 in Unarmed Combat
   165 | D:2      | Reached XP level 2. HP: 22/24 MP: 4/4
   355 | D:2      | Noticed Jessica
   362 | D:2      | Killed Jessica
   362 | D:2      | Reached XP level 3. HP: 16/29 MP: 5/5
   463 | D:3      | Found a shimmering altar of Xom.
   477 | D:4      | Noticed an ogre
   487 | D:4      | Killed an ogre
   487 | D:4      | Reached skill level 4 in Unarmed Combat
   487 | D:4      | Reached XP level 4. HP: 35/36 MP: 6/8
   586 | D:5      | Entered Level 5 of the Dungeon
   619 | D:5      | Reached XP level 5. HP: 40/41 MP: 9/9
   627 | D:5      | Noticed a sky beast
   644 | D:5      | Killed a sky beast
   761 | D:5      | Found a glowing drain.
   794 | Sewer    | Entered a sewer
   802 | Sewer    | Reached skill level 5 in Unarmed Combat
   856 | Sewer    | Reached XP level 6. HP: 48/48 MP: 11/11
  1191 | D:3      | Found a sacrificial altar of Ru.
  1314 | D:2      | Noticed Natasha
  1331 | D:2      | Killed Natasha
  1350 | D:2      | Noticed Robin
  1367 | D:2      | Killed Robin
  1540 | D:5      | Thaneod: oo demigod
  1605 | D:5      | Noticed a water moccasin
  1618 | D:5      | Killed a water moccasin
  1618 | D:5      | Reached skill level 6 in Unarmed Combat
  1618 | D:5      | Reached XP level 7. HP: 55/55 MP: 13/13
  1776 | D:4      | Reached skill level 7 in Unarmed Combat
  2025 | D:6      | You fall through a shaft for 3 floors!
  2025 | D:9      | Found Dodur's Food Shoppe.
  2026 | D:9      | :O
  2146 | D:8      | Reached skill level 8 in Unarmed Combat
  2146 | D:8      | Reached XP level 8. HP: 60/61 MP: 14/14
  2152 | D:8      | Gained mutation: You have a somewhat thin skeletal structure. (Dex +2, Stealth) [mutagenic meat]
  2153 | D:8      | Gained mutation: Your mind is acute. (Int +2) [mutagenic meat]
  2154 | D:8      | Gained mutation: You passively map a small area around you. [mutagenic meat]
  2155 | D:8      | Gained mutation: You evolve. [mutagenic meat]
  2156 | D:8      | Gained mutation: You have a pair of small antennae on your head. [mutagenic meat]
  2211 | D:8      | Noticed a two-headed ogre
  2219 | D:8      | Killed a two-headed ogre
  2219 | D:8      | Reached skill level 9 in Unarmed Combat
  2294 | D:8      | Reached skill level 10 in Unarmed Combat
  2322 | D:8      | Noticed Joseph
  2358 | D:8      | Killed Joseph
  2413 | D:8      | Found a hide-covered altar of Uskayaw.
  2413 | D:8      | Noticed a deep elf mage
  2419 | D:8      | Killed a deep elf mage
  2419 | D:8      | Reached XP level 9. HP: 68/68 MP: 15/15
  2466 | D:8      | Reached skill level 11 in Unarmed Combat
  2531 | D:8      | Noticed Ajdolov's ghost (novice TrHu)
  2545 | D:8      | Found a deep blue altar of Sif Muna.
  2675 | D:6      | Found Xyagruygywk's Antique Weapon Shoppe.
  2765 | D:6      | Got a bone dagger
  2820 | D:6      | Found a staircase to the Ecumenical Temple.
  2915 | D:6      | Noticed Pikel
  2943 | D:6      | Killed Pikel
  3497 | D:9      | Reached skill level 12 in Unarmed Combat
  3564 | D:9      | Reached XP level 10. HP: 45/80 MP: 16/16
  3637 | D:9      | Found a snail-covered altar of Cheibriados.
  3700 | D:9      | Reached skill level 5 in Fighting
  3835 | D:10     | Entered Level 10 of the Dungeon
  3947 | D:9      | Noticed a two-headed ogre
  3968 | D:9      | Killed a two-headed ogre
  4290 | D:11     | Reached skill level 13 in Unarmed Combat
  4434 | D:10     | Found Azea's Gadget Boutique.
  4439 | D:10     | Bought a wand of clouds (6) for 360 gold pieces
  4578 | D:10     | Noticed an elephant
  4666 | D:11     | Found a runed door.
  4753 | D:11     | Noticed a cyclops
  4768 | D:11     | Killed a cyclops
  5001 | D:11     | Reached XP level 11. HP: 92/92 MP: 17/17
  5072 | D:11     | Found a runed door.
  5094 | D:11     | Lost mutation: Your mind is acute. (Int +2) [evolution]
  5223 | D:12     | Noticed Kirke
  5224 | D:12     | pedritolo: memorization was interrupted
  5259 | D:11     | Noticed a two-headed ogre
  5348 | D:11     | Reached skill level 14 in Unarmed Combat
  5600 | D:13     | Identified a scroll of acquirement
  5609 | D:13     | Got an encrusted buckler
  5610 | D:13     | p0werm0de: !doom jacquesderrida
  5610 | D:13     | beem: p0werm0de unleashes a terrible howl, and it begins to echo in jacquesderrida's mind! The p0werm0de bites jacquesderrida!!! x6
  5615 | D:13     | Identified the +2 buckler of Subjectivity {rPois rF- Int-2 Dex+8} (You acquired it on level 13 of the Dungeon)
  5676 | D:13     | Found a labyrinth entrance.
  5684 | Lab      | Entered a labyrinth
  6528 | Lab      | ...
  6644 | Lab      | Thaneod: :P
  6959 | Lab      | Noticed a minotaur
  6967 | Lab      | Killed a minotaur
  6967 | Lab      | Reached skill level 1 in Spellcasting
  7020 | D:13     | Got a smoking leather armour
  7037 | D:13     | Identified the +1 leather armour "Wohied" {rElec rN+ Str-2 Stlth+} (You found it on level 13 of the Dungeon)
  7119 | D:13     | Noticed a death drake
  7119 | D:13     | a moth of wrath changed into a death drake
  7125 | D:13     | HP: 4/136 [poisoned by a death drake (dark miasma)]
  7126 | D:13     | Quit the game

Vault maps used:
D:1:      mrwooster_arrival_arrow
D:2:      serial_bayou_pond_c, uniq_robin, uniq_jessica, uniq_natasha
D:3:      nicolae_ru_great_annihilating_truth, makhleb_blood_cavern_becter,
          xom_teletrap_fun
D:4:      gammafunk_temple_overflow_wave, lemuel_round_altar
D:5:      cheibrodos_sewer_entry_drain, serial_glass, glass_columns_a,
          glass_columns_a, glass_columns_a, glass_columns_b, glass_columns_a,
          glass_columns_a, first_bread
D:6:      minmay_temple_entry_junction_2, serial_undead, serial_undead_b,
          serial_undead_e, serial_undead_c, serial_undead_e, serial_shops, shop,
          uniq_pikel
D:8:      led_sif_pool, minmay_misc_feat_rugged, david_defended_altar_elf,
          uniq_joseph
D:9:      slow_altar_2, serial_shops, shop, hangedman_pestilent_swarm
D:10:     david_lair_generic, serial_shops, nicolae_shop_stone
D:11:     cheibrodos_histonic, hiddenorc2_lemuel, serial_column_ruins,
          column_ruins_grid_1, column_ruins_open_small, column_ruins_open_small,
          column_ruins_open_tiny, column_ruins_open_small, column_ruins_grid_1
D:12:     uniq_kirke
D:13:     wad_pebble_path, david_vaults_4, special_room, lab_entry_generic
Sewer:    sewer_the_crocodile

Skill      XL: |  1  2  3  4  5  6  7  8  9 10 11 |
---------------+----------------------------------+-----
Fighting       | 2 4 7 |  7.0
Unarmed Combat | 3 4 5 6 8 10 12 13 14 | 14.7
Dodging        | 3 |  3.1
Evocations     | 2 3 4 |  4.1
Spellcasting   | 2 |  2.1
Throwing       | |  1.7

Action                   |  1- 3 |  4- 6 |  7- 9 | 10-12 || total
-------------------------+-------+-------+-------+-------++-------
Melee: Unarmed           |    68 |   198 |   302 |   359 ||   927
       Punch             |       |     5 |    13 |    26 ||    44
Throw: Throwing net      |     1 |       |     3 |       ||     4
 Abil: Evoke Berserk Rag |     1 |     6 |    12 |    16 ||    35
Evoke: Wand              |       |       |     4 |     3 ||     7
  Use: Potion            |     1 |       |     1 |       ||     2
       Scroll            |       |     5 |    10 |    11 ||    26
 Stab: Invisible         |       |     1 |       |       ||     1
       Held in net/web   |       |       |     1 |       ||     1
       Paralysed         |       |       |     3 |     5 ||     8
       Sleeping          |       |       |     1 |     2 ||     3
  Eat: Chunk             |       |     5 |    15 |    17 ||    37
       Royal jelly       |       |     1 |     1 |       ||     2
       Fruit             |       |     3 |     8 |       ||    11
       Bread ration      |       |       |       |     2 ||     2
       Meat ration       |       |       |       |     1 ||     1
Armor: Ring mail         |    23 |    46 |    60 |    27 ||   156
       Leather armour    |     1 |       |       |       ||     1
       Troll leather arm |       |       |       |    35 ||    35
Dodge: Dodged            |    48 |    95 |   131 |   134 ||   408

Table legend:
 A = Spawn XP
 B = Non-spawn XP
 C = Spawn XP percentage of total XP
 D = Spawn monster count
 E = Non-spawn monster count
 F = Spawn count percentage of total count
 G = Total turns spent on level
                    A         B        C        D         E        F      G
               +---------+---------+-------+---------+---------+-------+---------
         Total |       0 |   18901 |   0.0 |       0 |     245 |   0.0 |  7126
               +---------+---------+-------+---------+---------+-------+---------
           D:1 |       0 |      12 |   0.0 |       0 |       5 |   0.0 |   144
           D:2 |       0 |     123 |   0.0 |       0 |      21 |   0.0 |   397
           D:3 |       0 |     163 |   0.0 |       0 |      23 |   0.0 |   424
           D:4 |       0 |     376 |   0.0 |       0 |      17 |   0.0 |   380
           D:5 |       0 |     675 |   0.0 |       0 |      15 |   0.0 |   528
           D:6 |       0 |    1363 |   0.0 |       0 |      24 |   0.0 |   461
           D:7 |       0 |     741 |   0.0 |       0 |      17 |   0.0 |   395
           D:8 |       0 |    2616 |   0.0 |       0 |      14 |   0.0 |   528
           D:9 |       0 |    1670 |   0.0 |       0 |      19 |   0.0 |   519
          D:10 |       0 |    1385 |   0.0 |       0 |      10 |   0.0 |   599
          D:11 |       0 |    6090 |   0.0 |       0 |      57 |   0.0 |   930
          D:12 |       0 |     358 |   0.0 |       0 |       7 |   0.0 |   185
          D:13 |       0 |    2105 |   0.0 |       0 |       9 |   0.0 |   238
           Lab |       0 |    1111 |   0.0 |       0 |       1 |   0.0 |  1295
         Sewer |       0 |     113 |   0.0 |       0 |       6 |   0.0 |   103
               +---------+---------+-------+---------+---------+-------+---------
